Map: Dusk Towers

Players

Murlonio

  • Race: Terran Terran
  • League: Platinum

LilDicky - Winner!

  • Race: Terran Terran
  • League: Diamond

VOD

http://www.twitch.tv/tumescentpie

Description

Time

  • Played on: Nov. 27, 2015, 2:12 a.m.
  • Length: 20:23
Show
View Real Time Build Order
Export as new Build Order

Murlonio Terran 

Build Orders: Bio Tank, MMM Bio 

Get SALT Encoding   

  12  0:01  SCV  
  13  0:13  SCV  
  14  0:18  Supply Depot  
  14  0:25  SCV  
  15  0:40  SCV, Barracks  
  16  0:49  Refinery  
  16  0:52  SCV  
  17  1:04  SCV  
  18  1:16  SCV  
  19  1:27  Marine  
  19  1:29  Orbital Command  
  20  1:45  Marine  
  21  1:50  Factory  
  21  2:01  SCV  
  22  2:03  Marine  
  22  2:06  Command Center  
  23  2:15  Supply Depot  
  23  2:21  Barracks Reactor  
  23  2:27  Refinery  
  23  2:37  SCV  
  24  2:47  Starport  
  24  2:49  SCV  
  25  2:54  Factory Tech Lab  
  25  2:59  Marine x2  
  25  3:01  SCV  
  25  3:04  Supply Depot x2  
  28  3:13  SCV  
  28  3:19  Marine  
  29  3:20  Marine  
  29  3:24  Orbital Command  
  31  3:36  Barracks  
  31  3:37  Medivac  
  31  3:41  SCV  
  34  3:44  Marine x2  
  36  3:53  SCV  
  37  3:57  SCV  
  38  4:05  SCV  
  39  4:10  Engineering Bay  
  39  4:17  Marine x2  
  39  4:18  Viking  
  39  4:22  SCV x2  
  45  4:27  Siege Tank  
  45  4:30  Barracks Tech Lab  
  48  4:34  SCV x2  
  50  4:45  Missile Turret  
  50  4:46  SCV  
  50  4:47  SCV, Missile Turret, Marine x2  
  50  4:52  Stimpack  
  54  5:04  SCV  
  54  5:05  SCV  
  56  5:08  Refinery  
  56  5:10  Siege Tank, Refinery  
  59  5:17  Supply Depot  
  59  5:20  Supply Depot  
  57  5:56  Marine x2  
  59  5:59  Marine  
  59  6:01  Terran Infantry Weapons Level 1  
  59  6:02  SCV x2  
  62  6:07  Starport Tech Lab  
  62  6:14  Barracks  
  62  6:15  Engineering Bay, Barracks  
  62  6:16  Command Center, Barracks  
  62  6:50  Supply Depot  
  62  6:55  SCV x2, Medivac, Marine  
  62  6:57  Supply Depot  
  67  7:13  Supply Depot  
  67  7:25  Medivac  
  67  7:50  SCV  
  67  7:51  SCV, Orbital Command  
  69  8:01  Marine x2  
  69  8:02  Barracks Reactor x3, SCV  
  75  8:05  Siege Tank  
  75  8:08  SCV  
  76  8:21  SCV x3  
  79  8:28  Starport x2  
  79  8:29  Factory x2  
  79  8:33  SCV x3  
  80  8:40  Medivac  
  82  8:46  Marine  
  82  8:47  Marine x6  
  82  8:48  Marine x2  
  90  8:53  Supply Depot  
  90  8:54  Supply Depot  
  90  8:55  SCV x3  
  94  8:56  Supply Depot  
  94  9:06  Refinery  
  94  9:07  Refinery  
  94  9:09  Medivac x2  
  98  9:13  Marine x6  
  98  9:14  Marine x3  
  107  9:19  Supply Depot  
  107  9:21  Supply Depot x2  
  107  9:23  Supply Depot  
  107  9:30  Marine  
  108  9:32  Factory Tech Lab x2  
  108  9:33  Marine  
  108  9:34  Marine x6  
  108  9:35  Marine  
  108  9:36  Combat Shields  
  116  9:39  Siege Tank  
  116  9:42  Starport Tech Lab  
  116  9:44  Starport Tech Lab  
  119  9:52  Terran Infantry Armor Level 1, Fusion Core  
  119  9:55  Armory  
  119  10:03  Command Center  
  119  10:09  Sensor Tower  
  119  10:16  Command Center  
  119  10:19  Sensor Tower  
  119  10:41  Marine x5  
  119  10:42  Marine x2  
  107  10:43  Siege Tank x2  
  107  10:44  Siege Tank  
  115  10:57  Marine x2  
  115  10:59  Marine x6  
  115  11:00  Marine  
  124  11:15  Marine x2  
  124  11:17  Marine x7  
  133  11:32  Marine  
  133  11:33  Marine  
  133  11:34  Marine  
  133  11:37  Orbital Command  
  136  11:45  Marine x4  
  136  11:46  Marine  
  141  11:47  Battlecruiser x2  
  141  11:50  Battlecruiser  
  141  11:51  Command Center  
  159  12:24  Refinery  
  159  12:28  Terran Ship Weapons Level 1  
  159  12:29  Armory, Refinery  
  159  12:32  Siege Tank  
  159  12:33  Siege Tank x2  
  168  12:37  Orbital Command  
  168  12:54  Battlecruiser  
  168  12:55  Battlecruiser  
  180  13:09  SCV  
  181  13:14  Orbital Command  
  181  13:17  Refinery  
  181  13:21  SCV  
  182  13:28  Sensor Tower  
  182  13:30  Battlecruiser  
  182  13:33  SCV  
  189  13:34  Refinery  
  189  13:37  Terran Vehicle And Ship Armor Level 1  
  189  13:40  Starport  
  189  13:41  Starport  
  189  13:45  SCV  
  189  13:57  SCV  
  190  14:07  Sensor Tower  
  190  14:09  SCV  
  191  14:11  Refinery  
  191  14:13  Refinery  
  191  14:22  SCV  
  192  14:25  Starport Tech Lab x2  
  192  14:28  Battlecruiser  
  198  14:34  Terran Ship Weapons Level 2, SCV  
  199  14:46  SCV  
  200  14:58  SCV  
  198  15:10  Supply Depot  
  198  15:13  Supply Depot  
  197  15:26  SCV  
  198  15:52  Terran Vehicle And Ship Armor Level 2  
  188  16:23  Battlecruiser x2  
  190  17:08  Command Center  
  190  17:12  Command Center x2  
  190  17:14  Command Center  
  190  17:51  Marine x4  
  190  17:52  Marine x5  
  190  17:53  Terran Infantry Weapons Level 2  
  190  17:54  Terran Infantry Armor Level 2  
  151  18:39  Battlecruiser x4  
  151  18:40  Battlecruiser  
  151  18:41  Marine x7  
  172  18:42  Marine x2  
  136  18:50  Thor  
  136  18:51  Thor x2  
  142  18:58  Marine  
  142  18:59  Marine x6  
  125  19:07  Marine x2  
  127  19:16  Marine x2  
  127  19:17  Marine x5  
  131  19:24  Marine  
  131  19:25  Marine  
  130  19:33  Thor x2  
  130  19:34  Thor, Marine x2  
  130  19:35  Marine x5  
  152  19:42  Marine x2  
  162  19:52  Marine x2  
  176  19:53  Marine x5  
  171  20:00  Marine x2  
Show
View Real Time Build Order
Export as new Build Order

LilDicky Terran - Winner!

Build Orders: Banshee Rush 

Get SALT Encoding   

  12  0:02  SCV  
  14  0:14  SCV  
  14  0:18  Supply Depot  
  14  0:26  SCV  
  15  0:29  Refinery  
  15  0:40  SCV  
  16  0:47  Barracks  
  16  0:53  SCV  
  17  1:05  SCV  
  18  1:17  SCV  
  19  1:36  Supply Depot  
  20  1:44  Reaper  
  20  1:45  Orbital Command  
  19  2:08  Command Center  
  19  2:10  Factory  
  19  2:15  Marine  
  19  2:19  SCV  
  21  2:23  Refinery  
  21  2:31  SCV  
  21  2:36  Marine  
  23  2:50  SCV  
  23  2:56  Factory Tech Lab  
  23  2:57  Starport  
  23  3:00  Marine  
  23  3:02  SCV  
  25  3:14  SCV  
  25  3:15  Siege Tank  
  25  3:18  Marine  
  30  3:24  Engineering Bay  
  30  3:27  Orbital Command  
  30  3:28  SCV  
  31  3:34  Starport Tech Lab  
  31  3:38  Marine  
  32  3:42  Refinery  
  32  3:48  SCV  
  33  3:51  Missile Turret  
  33  3:57  Cloaking Field  
  33  4:00  SCV  
  33  4:01  SCV  
  35  4:06  Banshee  
  38  4:12  SCV  
  39  4:22  SCV  
  40  4:26  Siege Tank  
  40  4:27  SCV  
  40  4:28  Missile Turret  
  44  4:34  SCV  
  44  4:36  Marine  
  46  4:46  Supply Depot  
  46  5:00  SCV x2, Medivac, Marine  
  46  5:02  Supply Depot  
  51  5:13  SCV  
  52  5:16  Command Center, SCV  
  52  5:20  Missile Turret  
  53  5:25  SCV  
  55  5:28  SCV  
  54  5:37  SCV  
  55  5:52  Siege Tank  
  55  5:58  SCV  
  55  5:59  Banshee, Marine  
  55  6:01  SCV  
  61  6:06  Starport x2  
  61  6:07  Refinery  
  61  6:10  SCV  
  62  6:13  SCV  
  62  6:17  Command Center  
  63  6:20  Marine  
  63  6:23  SCV  
  63  6:24  Siege Tank  
  63  6:25  SCV  
  69  6:29  Orbital Command  
  68  6:35  SCV  
  68  6:37  SCV, Marine  
  68  6:38  Missile Turret  
  71  6:40  Missile Turret  
  71  6:43  Starport Reactor  
  71  6:45  Viking  
  73  6:56  Siege Tank  
  76  7:02  Viking  
  70  7:26  Marine  
  70  7:29  Siege Tank  
  64  7:31  Orbital Command  
  64  7:32  Banshee  
  67  7:38  Viking x3  
  67  7:41  SCV  
  74  7:47  SCV x2  
  74  7:49  Starport  
  74  7:50  Refinery  
  76  7:52  Refinery, Starport  
  76  7:54  SCV  
  76  7:56  Sensor Tower  
  76  7:57  SCV  
  78  7:58  Missile Turret  
  78  7:59  SCV x2  
  78  8:06  SCV  
  78  8:09  SCV  
  80  8:14  Missile Turret x2  
  80  8:16  Missile Turret  
  80  8:17  Missile Turret  
  80  8:18  Viking x3  
  79  8:36  Siege Tank  
  79  8:37  Viking  
  79  8:39  Starport Tech Lab  
  79  8:40  Starport Tech Lab  
  82  8:45  Supply Depot  
  82  8:49  Supply Depot  
  82  8:51  Orbital Command  
  82  8:52  Supply Depot  
  82  8:53  Medivac  
  84  8:56  Supply Depot, Starport Tech Lab  
  84  9:00  Command Center  
  84  9:03  SCV x2  
  84  9:05  Armory  
  84  9:07  SCV  
  84  9:09  Banshee x2  
  90  9:10  Viking  
  90  9:15  SCV  
  96  9:18  SCV  
  96  9:21  Siege Tank  
  96  9:23  Viking  
  102  9:25  SCV x2  
  102  9:27  SCV  
  105  9:37  SCV  
  106  9:49  SCV  
  106  9:50  Banshee  
  106  9:51  Supply Depot  
  106  9:52  Supply Depot, Banshee  
  113  9:54  Viking  
  113  9:55  Viking x2  
  113  9:57  Banshee  
  122  10:01  SCV  
  122  10:07  Refinery  
  123  10:08  Refinery  
  123  10:13  Marine  
  124  10:15  SCV  
  124  10:20  Fusion Core  
  125  10:26  SCV, Missile Turret  
  125  10:28  Siege Tank  
  129  10:29  Banshee, Viking x2  
  130  10:49  SCV x2  
  133  10:57  SCV x2, Missile Turret  
  134  11:06  Missile Turret  
  134  11:10  Sensor Tower  
  134  11:15  Banshee x2  
  134  11:17  Viking x3  
  146  11:22  Factory  
  146  11:23  Terran Vehicle And Ship Armor Level 1, Factory  
  146  11:26  Factory  
  146  11:30  Armory  
  146  11:31  Missile Turret  
  146  11:33  SCV x2  
  146  11:34  Missile Turret  
  146  11:36  Missile Turret  
  148  11:44  Planetary Fortress  
  148  12:09  Behemoth Reactor  
  148  12:12  Advanced Ballistics, Hyperflight Rotors  
  148  12:13  Missile Turret  
  148  12:16  Refinery, Factory Reactor x2  
  148  12:17  Factory Reactor  
  148  12:19  Refinery  
  148  12:28  Battlecruiser  
  154  12:34  Supply Depot, Refinery  
  154  12:36  Supply Depot, Infernal Pre-Igniter  
  154  12:38  Supply Depot  
  154  12:40  Missile Turret  
  154  12:55  Sensor Tower  
  154  13:08  Hellion x2  
  154  13:09  Hellion x5  
  168  13:22  Command Center, Liberator  
  168  13:30  Hellion x2  
  168  13:32  Command Center  
  172  13:37  Battlecruiser x3  
  193  13:50  Command Center  
  190  13:57  Hellion x2  
  194  14:05  Terran Vehicle And Ship Armor Level 2  
  194  14:06  Hellion x2  
  194  14:07  Terran Vehicle Weapons Level 1  
  200  14:11  Armory  
  200  14:12  Hellion  
  200  14:20  Command Center  
  198  14:39  Hellion  
  200  14:49  Refinery  
  200  14:51  Refinery  
  200  14:56  Battlecruiser  
  200  14:57  Banshee, Refinery  
  200  14:58  Banshee  
  200  14:59  Refinery  
  198  15:00  Planetary Fortress  
  198  15:01  Refinery  
  198  15:03  Planetary Fortress, Missile Turret  
  198  15:15  Missile Turret  
  186  15:23  Viking x3  
  190  15:35  Planetary Fortress  
  190  15:37  Missile Turret  
  190  15:40  Viking  
  190  15:41  Viking  
  194  15:46  Missile Turret  
  194  15:47  Missile Turret  
  194  15:48  Missile Turret  
  194  15:49  Missile Turret  
  194  15:53  Viking  
  194  15:54  Missile Turret x2  
  194  15:56  Missile Turret  
  196  15:57  Missile Turret  
  196  15:59  Missile Turret  
  196  16:00  Missile Turret  
  196  16:03  Missile Turret  
  193  16:06  Missile Turret  
  193  16:12  Missile Turret  
  193  16:13  Missile Turret  
  193  16:18  Missile Turret  
  189  16:29  Liberator  
  165  16:47  Battlecruiser x4  
  174  16:55  Hellion x3  
  180  17:13  Corvid Reactor  
  180  17:17  Terran Ship Weapons Level 1  
  180  17:20  Terran Vehicle Weapons Level 2  
  172  17:51  Battlecruiser  
  172  17:52  Battlecruiser  
  172  17:56  Weapon Refit  
  184  18:06  Battlecruiser  
  184  18:07  Battlecruiser  
  176  18:46  Hellion  
  170  18:50  Hellion x4  
  170  18:55  Banshee x2  
  178  19:00  Hellion x2  
  188  19:07  Hellion  
  188  19:09  SCV x3  
  186  19:55  Hellion x2  
Tags
 
Add a new tag
Caveats
  • Supply blocks, unpowered buildings, or Contaminate may cause inaccurate times.
  • Supply counts are checked every 10 seconds.